IL
IOWA CUBS @ EL PASO CHIHUAHUAS
09/13/2049
 
TOP OF THE 1ST
Iowa Cubs batting - Pitching for El Paso Chihuahuas : RHP Pat Matera
Pitching: RHP Pat Matera
Batting: SHB Tze-meng Gan 0-0: Swinging Strike
0-1: Foul Ball, location: 2F
0-2: Foul Ball, location: 2F
0-2: Ball
1-2: Strikes out swinging
Batting: RHB Frank Caulfield 0-0: Swinging Strike
0-1: Swinging Strike
0-2: Strikes out swinging
Batting: LHB Mark Ingram 0-0: Ground out 5-3 (Groundball, 6, EV 109.4 MPH)
Top of the 1st over - 0 runs, 0 hits, 0 errors, 0 left on base; Iowa 0 - El Paso 0
BOTTOM OF THE 1ST
El Paso Chihuahuas batting - Pitching for Iowa Cubs : RHP Dustin Buckner
Pitching: RHP Dustin Buckner
Batting: RHB Robby Godwin 0-0: Ball
1-0: Ball
2-0: Fly out, F7 (Flyball, 7LM, EV 93.8 MPH)
Batting: RHB Jerry Escamilla 0-0: Called Strike
0-1: Fly out, F3 (Popup, 3SF, EV 72.5 MPH)
Batting: SHB Adam Martin 0-0: Fly out, F9 (Line Drive, 9, EV 102.5 MPH)
Bottom of the 1st over - 0 runs, 0 hits, 0 errors, 0 left on base; Iowa 0 - El Paso 0
TOP OF THE 2ND
Iowa Cubs batting - Pitching for El Paso Chihuahuas : RHP Pat Matera
Batting: RHB Brad Santanello 0-0: Called Strike
0-1: Swinging Strike
0-2: Ball
1-2: Ball
2-2: Strikes out swinging
Batting: RHB Josh Asch 0-0: Fly out, F8 (Line Drive, 8LM, EV 91.9 MPH)
Batting: RHB Ricardo Aguinaga 0-0: Ball
1-0: Swinging Strike
1-1: Swinging Strike
1-2: Strikes out swinging
Top of the 2nd over - 0 runs, 0 hits, 0 errors, 0 left on base; Iowa 0 - El Paso 0
BOTTOM OF THE 2ND
El Paso Chihuahuas batting - Pitching for Iowa Cubs : RHP Dustin Buckner
Batting: RHB Andy Sheridan 0-0: Ball
1-0: Called Strike
1-1: Foul Ball, location: 2F
1-2: Ground out 5-3 (Groundball, 56S, EV 85.6 MPH)
Batting: LHB Angel Mejia 0-0: Ball
1-0: Ball
2-0: Ball
3-0: Called Strike
3-1: Base on Balls
Batting: RHB Dave Cluster 0-0: Ball
Angel Mejia steals 2nd base
1-0: DOUBLE (Flyball, 8LXD, EV 88.8 MPH)
Angel Mejia scores
Batting: RHB Danny Bunn 0-0: SINGLE (Flyball, 89S, EV 86.2 MPH)
Dave Cluster to third
Batting: LHB Rich Atterberry 0-0: Hit by Pitch
Danny Bunn to second
Batting: SHB Harrison McLaughlin 0-0: Called Strike
0-1: Fielders Choice at 2nd, 4-6 (Groundball, 34, EV 86.9 MPH)
Dave Cluster scores
Danny Bunn to third
Batting: RHB Robby Godwin 0-0: Ball
1-0: Swinging Strike
1-1: Foul Ball, location: 2F
1-2: Strikes out swinging
Bottom of the 2nd over - 2 runs, 2 hits, 0 errors, 2 left on base; Iowa 0 - El Paso 2
TOP OF THE 3RD
Iowa Cubs batting - Pitching for El Paso Chihuahuas : RHP Pat Matera
Batting: RHB Ryan Walker 0-0: Ball
1-0: Ball
2-0: Ball
3-0: Called Strike
3-1: Foul Ball, location: 2F
3-2: Foul Ball, location: 2F
3-2: SINGLE (Flyball, 8RS, EV 86.9 MPH)
Batting: RHB Tim Long 0-0: Called Strike
0-1: Foul Ball, location: 2F
0-2: Fly out, F7 (Flyball, 7S, EV 73.1 MPH)
Batting: RHB Adam Kelliher 0-0: Fielders Choice at 2nd, 3-6 (Groundball, 34, EV 98.8 MPH)
Batting: SHB Tze-meng Gan 0-0: Ball
Adam Kelliher steals 2nd, throwing error, E2
Adam Kelliher to third
1-0: Foul Ball, location: 2F
1-1: Ground out 5-3 (Groundball, 5, EV 85.6 MPH)
Top of the 3rd over - 0 runs, 1 hit, 1 error, 1 left on base; Iowa 0 - El Paso 2
BOTTOM OF THE 3RD
El Paso Chihuahuas batting - Pitching for Iowa Cubs : RHP Dustin Buckner
Batting: RHB Jerry Escamilla 0-0: Swinging Strike
0-1: Foul Ball, location: 2F
0-2: Strikes out swinging
Batting: SHB Adam Martin 0-0: Ball
1-0: Fly out, F8 (Line Drive, 8LD, EV 106.2 MPH)
Batting: RHB Andy Sheridan 0-0: Swinging Strike
0-1: Foul Ball, location: 2F
0-2: Foul Ball, location: 2F
0-2: Ball
1-2: Foul Ball, location: 2F
1-2: Ball
2-2: Ball
3-2: SINGLE (Groundball, 34, EV 108.8 MPH)
Batting: LHB Angel Mejia 0-0: Foul Ball, location: 2F
0-1: Ball
1-1: Ground out 4-3 (Groundball, 4, EV 85.6 MPH)
Bottom of the 3rd over - 0 runs, 1 hit, 0 errors, 1 left on base; Iowa 0 - El Paso 2
TOP OF THE 4TH
Iowa Cubs batting - Pitching for El Paso Chihuahuas : RHP Pat Matera
Batting: RHB Frank Caulfield 0-0: Called Strike
0-1: Swinging Strike
0-2: Foul Ball, location: 2F
0-2: Ball
1-2: Strikes out swinging, 2-3 out at first.
Batting: LHB Mark Ingram 0-0: Foul Ball, location: 2F
0-1: Ball
1-1: Swinging Strike
1-2: Strikes out swinging
Batting: RHB Brad Santanello 0-0: Ball
1-0: Foul Ball, location: 2F
1-1: Foul Ball, location: 2F
1-2: Ball
2-2: Strikes out swinging
Top of the 4th over - 0 runs, 0 hits, 0 errors, 0 left on base; Iowa 0 - El Paso 2
BOTTOM OF THE 4TH
El Paso Chihuahuas batting - Pitching for Iowa Cubs : RHP Dustin Buckner
Batting: RHB Dave Cluster 0-0: SINGLE (Groundball, 6MD, EV 108.1 MPH)
Batting: RHB Danny Bunn 0-0: Foul Ball, location: 2F
0-1: Ball
1-1: Reached on error, E5 (Groundball, 56, EV 89.4 MPH)
Dave Cluster to second
Batting: LHB Rich Atterberry 0-0: Ball
1-0: Ball
2-0: Fly out, F8 (Flyball, 78S, EV 88.8 MPH)
Batting: SHB Harrison McLaughlin 0-0: Ball
1-0: Fielders Choice at 2nd, 3-6 (Groundball, 34, EV 105.6 MPH)
Dave Cluster to third
Batting: RHB Robby Godwin 0-0: Called Strike
0-1: Ball
1-1: Ball
2-1: Foul Ball, location: 2F
2-2: Strikes out swinging
Bottom of the 4th over - 0 runs, 1 hit, 1 error, 2 left on base; Iowa 0 - El Paso 2
TOP OF THE 5TH
Iowa Cubs batting - Pitching for El Paso Chihuahuas : RHP Pat Matera
Batting: RHB Josh Asch 0-0: Called Strike
0-1: Foul Ball, location: 2F
0-2: Ball
1-2: Foul Ball, location: 2F
1-2: Ground out 4-3 (Groundball, 4S, EV 68.1 MPH)
Batting: RHB Ricardo Aguinaga 0-0: Ground out 6-3 (Groundball, 6, EV 88.8 MPH)
Batting: RHB Ryan Walker 0-0: Ball
1-0: Swinging Strike
1-1: Ball
2-1: Ball
3-1: Ground out U3 (Groundball, 3, EV 85.0 MPH)
Top of the 5th over - 0 runs, 0 hits, 0 errors, 0 left on base; Iowa 0 - El Paso 2
BOTTOM OF THE 5TH
El Paso Chihuahuas batting - Pitching for Iowa Cubs : RHP Dustin Buckner
Batting: RHB Jerry Escamilla 0-0: Fly out, F8 (Flyball, 8RM, EV 84.4 MPH)
Batting: SHB Adam Martin 0-0: Ground out 6-3 (Groundball, 6, EV 91.2 MPH)
Batting: RHB Andy Sheridan 0-0: Ball
1-0: Ball
2-0: Ball
3-0: Base on Balls
Batting: LHB Angel Mejia 0-0: Called Strike
0-1: Called Strike
0-2: Strikes out looking
Bottom of the 5th over - 0 runs, 0 hits, 0 errors, 1 left on base; Iowa 0 - El Paso 2
TOP OF THE 6TH
Iowa Cubs batting - Pitching for El Paso Chihuahuas : RHP Pat Matera
Batting: RHB Tim Long 0-0: Called Strike
0-1: Ball
1-1: Ball
2-1: Called Strike
2-2: Ball
3-2: Fly out, F8 (Flyball, 8LS, EV 83.1 MPH)
Batting: RHB Adam Kelliher 0-0: Swinging Strike
0-1: Foul Ball, location: 2F
0-2: Ball
1-2: Ball
2-2: Strikes out looking
Batting: SHB Tze-meng Gan 0-0: Ball
1-0: Foul Ball, location: 2F
1-1: Ball
2-1: Ground out 5-3 (Groundball, 56, EV 89.4 MPH)
Top of the 6th over - 0 runs, 0 hits, 0 errors, 0 left on base; Iowa 0 - El Paso 2
BOTTOM OF THE 6TH
El Paso Chihuahuas batting - Pitching for Iowa Cubs : RHP Dustin Buckner
Batting: RHB Dave Cluster 0-0: Ball
1-0: Ball
2-0: Foul Ball, location: 2F
2-1: Foul Ball, location: 2F
2-2: SINGLE (Groundball, 6MD, EV 105.0 MPH)
Batting: RHB Danny Bunn 0-0: Ball
Dave Cluster steals 2nd base
1-0: Swinging Strike
1-1: Swinging Strike
1-2: Foul Ball, location: 2F
1-2: Foul Ball, location: 2F
1-2: Ball
2-2: Ball
3-2: SINGLE (Flyball, 9LS, EV 90.6 MPH)
Dave Cluster to third
Runner from 3rd tries for Home, SAFE, throw by RF to home
Batting: LHB Rich Atterberry 0-0: Called Strike
0-1: Ball
1-1: Foul Ball, location: 2F
1-2: Strikes out swinging
Batting: SHB Harrison McLaughlin 0-0: DOUBLE (Groundball, 3L, EV 97.5 MPH)
Danny Bunn to third
Runner from 3rd tries for Home, SAFE, throw by RF to trailing runner, SAFE at third!
Batting: RHB Robby Godwin 0-0: Ball
1-0: Ground out 4-3 (Groundball, 4M, EV 84.4 MPH)
Harrison McLaughlin scores
Pitching: LHP Tom Mooney
Batting: RHB Jerry Escamilla 0-0: Ball
1-0: Ball
2-0: Called Strike
2-1: Ground out 6-3 (Groundball, 6S, EV 88.1 MPH)
Bottom of the 6th over - 3 runs, 3 hits, 0 errors, 0 left on base; Iowa 0 - El Paso 5
TOP OF THE 7TH
Iowa Cubs batting - Pitching for El Paso Chihuahuas : RHP Pat Matera
Batting: RHB Frank Caulfield 0-0: Swinging Strike
0-1: Ball
1-1: Ball
2-1: Foul Ball, location: 2F
2-2: Foul Ball, location: 2F
2-2: Strikes out swinging
Batting: LHB Mark Ingram 0-0: Ball
1-0: Called Strike
1-1: Called Strike
1-2: SINGLE (Groundball, 4MD, EV 107.5 MPH)
Batting: RHB Brad Santanello 0-0: Called Strike
0-1: Ball
1-1: Foul Ball, location: 2F
1-2: Ball
2-2: Ball
3-2: Grounds into double play, 6-4-3 (Groundball, 6, EV 78.8 MPH)
Top of the 7th over - 0 runs, 1 hit, 0 errors, 0 left on base; Iowa 0 - El Paso 5
BOTTOM OF THE 7TH
El Paso Chihuahuas batting - Pitching for Iowa Cubs : LHP Tom Mooney
Batting: SHB Adam Martin 0-0: Ball
1-0: Ground out 4-3 (Groundball, 4M, EV 87.5 MPH)
Batting: RHB Andy Sheridan 0-0: Ball
1-0: Called Strike
1-1: Foul Ball, location: 2F
1-2: Foul Ball, location: 2F
1-2: Ball
2-2: Strikes out swinging
Batting: LHB Angel Mejia 0-0: Ball
1-0: Ball
2-0: Called Strike
2-1: Ball
3-1: Foul Ball, location: 2F
3-2: Ground out 4-3 (Groundball, 4S, EV 79.4 MPH)
Bottom of the 7th over - 0 runs, 0 hits, 0 errors, 0 left on base; Iowa 0 - El Paso 5
TOP OF THE 8TH
Iowa Cubs batting - Pitching for El Paso Chihuahuas : RHP Pat Matera
Batting: RHB Josh Asch 0-0: Ball
1-0: Ball
2-0: Called Strike
2-1: Foul Ball, location: 2F
2-2: Ball
3-2: Ground out 5-3 (Groundball, 5, EV 99.4 MPH)
Pitching: RHP Tony Delgado
Batting: RHB Ricardo Aguinaga 0-0: Called Strike
0-1: Ball
1-1: Ball
2-1: Ball
3-1: SINGLE (Groundball, 56D, EV 96.2 MPH)
Batting: RHB Ryan Walker 0-0: Foul Ball, location: 2F
0-1: Ball
1-1: Called Strike
1-2: Ball
2-2: Ball
3-2: Foul Ball, location: 2F
3-2: Foul Ball, location: 2F
3-2: Strikes out looking
Batting: RHB Tim Long 0-0: Called Strike
0-1: Ball
1-1: Called Strike
1-2: Foul Ball, location: 2F
1-2: Strikes out swinging
Top of the 8th over - 0 runs, 1 hit, 0 errors, 1 left on base; Iowa 0 - El Paso 5
BOTTOM OF THE 8TH
El Paso Chihuahuas batting - Pitching for Iowa Cubs : LHP Tom Mooney
Batting: RHB Dave Cluster 0-0: Ball
1-0: Ground out 6-3 (Groundball, 6, EV 88.1 MPH)
Batting: RHB Danny Bunn 0-0: Foul Ball, location: 2F
0-1: Swinging Strike
0-2: Strikes out swinging
Batting: LHB Rich Atterberry 0-0: Ball
1-0: Ball
2-0: Reached on error, E3 (Groundball, 3L, EV 84.4 MPH)
Batting: SHB Harrison McLaughlin 0-0: Ball
1-0: Ball
2-0: Ball
3-0: Foul Ball, location: 2F
3-1: Base on Balls
Rich Atterberry to second
Batting: RHB Robby Godwin 0-0: Ball
1-0: Ball
2-0: Ball
Wild Pitch!
Rich Atterberry to third
Harrison McLaughlin to second
3-0: Base on Balls
Pitching: LHP Nate George
Batting: RHB Jerry Escamilla 0-0: Called Strike
0-1: Foul Ball, location: 2F
0-2: Strikes out looking
Bottom of the 8th over - 0 runs, 0 hits, 1 error, 3 left on base; Iowa 0 - El Paso 5
TOP OF THE 9TH
Iowa Cubs batting - Pitching for El Paso Chihuahuas : RHP Tony Delgado
Batting: RHB Adam Kelliher 0-0: Ball
1-0: Swinging Strike
1-1: Foul Ball, location: 2F
1-2: Strikes out swinging
Batting: SHB Tze-meng Gan 0-0: Foul Ball, location: 2F
0-1: Called Strike
0-2: Foul Ball, location: 2F
0-2: Ball
1-2: Strikes out swinging
Batting: RHB Frank Caulfield 0-0: Swinging Strike
0-1: Foul Ball, location: 2F
0-2: Strikes out swinging
Top of the 9th over - 0 runs, 0 hits, 0 errors, 0 left on base; Iowa 0 - El Paso 5
Sunday, July 16th , 2023 - OOTP Baseball 24.6 Build 69